 Dungeon Crawl Stone Soup version 0.22-a0-406-g9ff8d77 (webtiles) character file.

11132 Borgoz the Cleaver (level 11, -5/71 HPs)
             Began as a Gargoyle Abyssal Knight on May 8, 2018.
             Was a High Priest of Lugonu.
             Splashed by an acid dragon's acid (9 damage)
             ... on level 12 of the Dungeon.
             The game lasted 00:23:34 (12637 turns).

Borgoz the Cleaver (Gargoyle Abyssal Knight)       Turns: 12637, Time: 00:23:34

Health: -5/71      AC: 13    Str: 18    XL:     11   Next: 73%
Magic:  12/12      EV:  9    Int: 13    God:    Lugonu [*****.]
Gold:   381        SH:  0    Dex: 14    Spells: 10/10 levels left

rFire    + . .     SeeInvis .   a - +2 hand axe
rCold    + . .     Gourm    +   (no shield)
rNeg     + . .     Faith    .   g - +6 chain mail of the Insatiable Wishes {Str+2}
rPois    ∞         Spirit   .   (no helmet)
rElec    +         Reflect  .   y - scarf {rC+ rF+}
rCorr    .         Harm     .   (no gloves)
MR       .....                  (no boots)
Stlth    ..........             e - amulet of the gourmand
HPRegen  0.21/turn              z - +2 ring of dexterity
MPRegen  0.13/turn              (no ring)

@: corroded
A: negative energy resistance 1, electricity resistance, unbreathing,
petrification resistance, rot immunity, AC +8
a: Depart the Abyss, Bend Space, Banish, Corrupt, Enter the Abyss, Renounce
Religion


You were on level 12 of the Dungeon.
You worshipped Lugonu.
Lugonu was extremely pleased with you.
You were very full.

You visited 2 branches of the dungeon, and saw 13 of its levels.
You visited the Abyss 1 time.
You also visited: Sewer.

You collected 549 gold pieces.
You spent 168 gold pieces at shops.

Inventory:

Hand Weapons
 a - a +2 hand axe (weapon)
 n - a +3 quarterstaff of chaos
Missiles
 h - 3 throwing nets (quivered)
Armour
 g - the +6 chain mail of the Insatiable Wishes (worn) {Str+2}
   (You found it on level 3 of the Abyss)

   It affects your strength (+2).
 y - a scarf of resistance (worn)
Jewellery
 e - an amulet of the gourmand (around neck)
 v - an uncursed ring of ice
 z - a +2 ring of dexterity (left hand)
 C - an uncursed ring of ice
 H - an uncursed amulet of regeneration {unknown}
 I - an uncursed ring of ice
 K - an uncursed ring of see invisible {unknown}
Wands
 f - a wand of disintegration (13)
 m - a wand of random effects (65)
 t - a wand of enslavement (33)
Scrolls
 i - 8 scrolls of teleportation
 o - 2 scrolls of fear
 p - 2 scrolls of enchant weapon
 q - 3 scrolls of remove curse
 s - 4 scrolls of fog
 x - 2 scrolls of amnesia {unknown}
 D - 2 scrolls of holy word {unknown}
 F - a scroll of enchant armour {unknown}
 J - 2 scrolls of identify
Potions
 b - a potion of might
 j - 4 potions of brilliance
 k - 4 potions of curing
 l - 3 potions of flight
 r - 4 potions of mutation
 u - 3 potions of lignification {unknown}
 A - a potion of magic {unknown}
 B - a potion of degeneration {unknown}
 E - a potion of invisibility {unknown}
 G - a potion of haste {unknown}
Comestibles
 c - 26 rations


   Skills:
 + Level 9.5 Fighting
 + Level 11.7 Axes
 + Level 0.3 Throwing
 + Level 9.7 Armour
 + Level 3.8 Dodging
 + Level 1.5 Stealth
 + Level 2.3 Invocations
 + Level 1.5 Evocations


You had 10 spell levels left.
You didn't know any spells.

Dungeon Overview and Level Annotations

Branches:
Dungeon (12/15)            Temple (1/1) D:6            Lair (0/6) D:9
    Orc: D:9-12

Altars:
Ashenzari
Cheibriados
Dithmenos
Elyvilon
Fedhas
Gozag
Hepliaklqana
Kikubaaqudgha
Makhleb
Nemelex Xobeh
Okawaru
Qazlal
Ru
Sif Muna
Trog
Uskayaw
Vehumet
Wu Jian
Xom
Yredelemnul
Zin
The Shining One

Shops:
D:7 [   D:9 !   D:10 :


Innate Abilities, Weirdness & Mutations

You are resistant to torment.
Your stone body is resilient. (AC +8)
You are immune to poison.
You resist negative energy. (rN+)
You are resistant to electric shocks. (rElec)
You can survive without breathing.
You are immune to petrification.
You are immune to rotting.


Message History

You slash the adder!
You kill the adder!
Lugonu accepts your kill.
You hit the acid dragon but do no damage.
The acid dragon spits acid at you. The splash of acid hits you!
The acid corrodes you!
You are splashed with acid!
The acid burns!
You barely miss the acid dragon.
The acid dragon is heavily wounded.
You hit the acid dragon but do no damage.
The acid dragon is heavily wounded.
The acid dragon bites you but does no damage.
The acid dragon claws you.
* * * LOW HITPOINT WARNING * * *
Okay, then.
The acid dragon spits acid at you. The splash of acid hits you!
* * * LOW HITPOINT WARNING * * *
The acid corrodes you!
You are splashed with acid!
The acid burns!
You die...

.<.....
.......
.......
......
#.......
.....
#.......
#...
#......
#...
#.....
#..D###..#
#....@...#
#........#
#..####..#
#.. #..#
#. #..# #.
#..# #
#..# #..#
#.># .
#..# #..#


You could see an acid dragon.

Vanquished Creatures
  5 two-headed ogres
  The ghost of George the Carver, a novice MiFi of the Shining One (D:8)
  The ghost of Borgoz the Cleaver, a novice GrAK of Lugonu (D:7)
  A troll (D:11)
  4 hippogriffs
  A vampire (D:11)
  8 yaks
  2 wyverns
  The ghost of zero the Digger, an amateur TrEE (D:3)
  2 wargs (D:9)
  A water moccasin (D:10)
  An orc warrior (D:9)
  2 sky beasts
  2 ice beasts
  2 black bears
  3 phantoms
  A necrophage (D:5)
  2 ogres
  A centaur (D:10)
  A crocodile (D:10)
  6 bullfrogs
  Blork the orc (D:5)
  A scorpion (D:11)
  A howler monkey (D:2)
  5 crimson imps
  A bullfrog zombie (D:4)
  2 centaur zombies
  6 jellies
  Crazy Yiuf (D:2)
  3 centaur skeletons
  3 bullfrog skeletons
  10 orc priests
  4 hounds
  7 orc wizards
  An iguana (D:7)
  3 worker ants
  A hound zombie (D:7)
  A worker ant zombie (D:6)
  Robin (D:4)
  3 gnolls
  13 adders
  A river rat (D:4)
  3 shadow imps
  5 oozes (D:8)
  2 adder skeletons
  2 worms
  2 dart slugs
  10 leopard geckos
  37 orcs
  A ball python (D:2)
  11 giant cockroaches
  16 goblins
  9 hobgoblins
  7 jackals
  6 kobolds
  5 quokkas
  9 bats
  9 frilled lizards
  16 rats
  A spectral orc (D:2)
268 creatures vanquished.

Vanquished Creatures (others)
  A human (D:7)
  An orc wizard (D:3)
2 creatures vanquished.

Grand Total: 270 creatures vanquished

Notes
Turn   | Place    | Note
-------+----------+-------------------------------------------
     0 | Abyss:1  | Borgoz the Gargoyle Abyssal Knight began the quest for the Orb.
     0 | Abyss:1  | Reached XP level 1. HP: 14/14 MP: 2/2
    76 | Abyss:3  | Noticed a guardian serpent
    80 | Abyss:3  | Got a crude chain mail
    81 | D:1      | Escaped the Abyss
    96 | D:1      | Identified the +6 chain mail of the Insatiable Wishes {Str+2} (You found it on level 3 of the Abyss)
   131 | D:1      | Reached * piety under Lugonu
   168 | D:1      | Reached XP level 2. HP: 18/20 MP: 3/3
   335 | D:1      | Reached skill level 2 in Axes
   362 | D:1      | Reached XP level 3. HP: 24/24 MP: 4/4
   563 | D:2      | Reached XP level 4. HP: 28/30 MP: 5/5
   719 | D:2      | Reached ** piety under Lugonu
   755 | D:2      | Reached skill level 3 in Axes
   810 | D:2      | Reached XP level 5. HP: 34/34 MP: 6/6
   907 | D:2      | Found a runed door.
  1171 | D:2      | Found a basalt altar of Yredelemnul.
  1306 | D:2      | Noticed Crazy Yiuf
  1316 | D:2      | Paralysed by Crazy Yiuf for 3 turns
  1323 | D:2      | Killed Crazy Yiuf
  1323 | D:2      | Reached skill level 1 in Dodging
  1487 | D:3      | Found a radiant altar of Vehumet.
  1507 | D:3      | Noticed zero's ghost (amateur TrEE)
  1516 | D:3      | Reached skill level 4 in Axes
  1516 | D:3      | Reached XP level 6. HP: 26/40 MP: 7/7
  1522 | D:3      | Reached skill level 5 in Fighting
  1527 | D:3      | Killed zero's ghost
  1733 | D:3      | Reached XP level 7. HP: 36/44 MP: 8/8
  1943 | D:3      | Found a deep blue altar of Sif Muna.
  2142 | D:4      | Reached skill level 5 in Axes
  2149 | D:4      | Reached *** piety under Lugonu
  2188 | D:4      | Found a glowing drain.
  2220 | Sewer    | Entered a sewer
  2752 | D:4      | Noticed Robin
  2767 | D:4      | Reached **** piety under Lugonu
  2770 | D:4      | Killed Robin
  2913 | D:4      | Found a shadowy altar of Dithmenos.
  3029 | D:5      | Entered Level 5 of the Dungeon
  3505 | D:5      | Noticed Blork the orc
  3522 | D:5      | Killed Blork the orc
  3522 | D:5      | Reached XP level 8. HP: 38/51 MP: 9/9
  3772 | D:5      | Reached skill level 6 in Axes
  3941 | D:5      | Found an opulent altar of Gozag.
  4499 | D:6      | Found a staircase to the Ecumenical Temple.
  4603 | D:6      | Reached skill level 5 in Armour
  5068 | Temple   | Entered the Ecumenical Temple
  5282 | D:7      | Noticed Borgoz's ghost (novice GrAK)
  5307 | D:6      | Reached skill level 7 in Axes
  5536 | D:7      | Found Hiozob's Antique Armour Shop.
  5632 | D:7      | Found a stormy altar of Qazlal.
  5675 | D:7      | Reached XP level 9. HP: 35/56 MP: 10/10
  6126 | D:7      | Killed Borgoz's ghost
  6126 | D:7      | Reached skill level 8 in Axes
  6290 | D:7      | Found an ancient bone altar of Kikubaaqudgha.
  6393 | D:8      | Noticed George's ghost (novice MiFi)
  6397 | D:8      | Noticed a two-headed ogre
  6492 | D:8      | Reached ***** piety under Lugonu
  6606 | D:8      | Noticed a two-headed ogre
  6624 | D:8      | Killed a two-headed ogre
  6624 | D:8      | Reached skill level 9 in Axes
  6728 | D:8      | Reached XP level 10. HP: 64/64 MP: 11/11
  6794 | D:8      | Killed George's ghost
  6794 | D:8      | Reached skill level 1 in Stealth
  6878 | D:8      | Killed a two-headed ogre
  6878 | D:8      | Reached skill level 10 in Axes
  6878 | D:8      | Reached skill level 1 in Evocations
  8067 | D:9      | Found a staircase to the Lair.
  8547 | D:10     | Entered Level 10 of the Dungeon
  8756 | D:9      | Noticed a two-headed ogre
  9564 | D:8      | Killed a two-headed ogre
  9564 | D:8      | Reached XP level 11. HP: 52/69 MP: 12/12
  9758 | D:9      | Found Feoff's Distillery.
  9772 | D:9      | Bought a potion of heal wounds for 60 gold pieces
  9772 | D:9      | Bought a potion of heal wounds for 60 gold pieces
  9772 | D:9      | Bought a potion of might for 48 gold pieces
  9990 | D:9      | Noticed a two-headed ogre
  9998 | D:9      | Killed a two-headed ogre
  9998 | D:9      | Reached skill level 11 in Axes
 10836 | D:10     | Found Epnam Saiho's Book Shop.
 11294 | D:11     | Noticed a two-headed ogre
 11314 | D:11     | Killed a two-headed ogre
 12333 | D:11     | Noticed a brown ugly thing
 12637 | D:12     | Splashed by an acid dragon's acid

Vault maps used:
D:1:      roderic_crossed_star
D:2:      yredelemnul_forgotten_temple_becter, first_ration,
          uniq_crazy_yiuf_cottage
D:3:      minmay_wonky_spiral, led_sif_pool, fiery_altar_vehumet
D:4:      lemuel_crystal_altar, portal_sewer_entry_a, uniq_robin
D:5:      overflow_temple_1_default, hangedman_abyss_or_decor_stagger,
          uniq_blork_the_orc
D:6:      minmay_temple_entry_trees, feat_on_display
D:7:      nicolae_overflow_crystal_walls, serial_shops,
          nicolae_shop_statue_plus, tgw_kikubaaqudgha
D:8:      hangedman_little_slice_of_home
D:9:      erik_lair_orcish_takeover, serial_shops, nicolae_shop_trees,
          corner_web_ring, minmay_door_square, palyth_stone_intersect
D:10:     serial_shops, kennysheep_mini, grunt_ministairs_14, stair_cage_cross,
          st_stairs_5, minivault_1, kennysheep_generic_room_6
D:11:     minmay_misc_feat_plants
D:12:     david_orc_3, minivault_16
Temple:   nicolae_temple_elliptical
Abyss:3:  evilmike_abyss_rune_ettins
Sewer:    sewer_frog_island_01

Skill      XL: |  1  2  3  4  5  6  7  8  9 10 11 |
---------------+----------------------------------+-----
Fighting       | 4 5 6 7 8 9 |  9.5
Axes           | 2 3 4 5 7 9 10 11 | 11.7
Armour         | 3 4 5 6 8 9 |  9.7
Dodging        | 1 2 3 |  3.8
Stealth        | 1 |  1.5
Evocations     | 1 |  1.5
Throwing       | |  0.3
Invocations    | |  2.3

Action                   |  1- 3 |  4- 6 |  7- 9 | 10-12 || total
-------------------------+-------+-------+-------+-------++-------
Melee: Hand axe          |    82 |   141 |   563 |   643 ||  1429
Throw: Throwing net      |       |       |     1 |       ||     1
Invok: Depart the Abyss  |     1 |       |       |       ||     1
       Bend Space        |       |       |       |     1 ||     1
Evoke: Wand              |       |       |     3 |    12 ||    15
  Use: Scroll            |       |     2 |    13 |     3 ||    18
       Potion            |       |     1 |     1 |     9 ||    11
  Eat: Chunk             |       |     3 |    40 |    19 ||    62
Armor: Chain mail        |    92 |   138 |   481 |   436 ||  1147
Dodge: Dodged            |    40 |    54 |   232 |   238 ||   564

Table legend:
 A = Spawn XP
 B = Non-spawn XP
 C = Spawn XP percentage of total XP
 D = Spawn monster count
 E = Non-spawn monster count
 F = Spawn count percentage of total count
 G = Total turns spent on level
                    A         B        C        D         E        F      G
               +---------+---------+-------+---------+---------+-------+---------
         Total |       0 |   15903 |   0.0 |       0 |     269 |   0.0 | 12637
               +---------+---------+-------+---------+---------+-------+---------
           D:1 |       0 |      42 |   0.0 |       0 |      27 |   0.0 |   470
           D:2 |       0 |     179 |   0.0 |       0 |      19 |   0.0 |   882
           D:3 |       0 |     446 |   0.0 |       0 |      35 |   0.0 |   679
           D:4 |       0 |     205 |   0.0 |       0 |      27 |   0.0 |   463
           D:5 |       0 |     362 |   0.0 |       0 |       8 |   0.0 |   997
           D:6 |       0 |     569 |   0.0 |       0 |      14 |   0.0 |  1289
           D:7 |       0 |    1484 |   0.0 |       0 |      33 |   0.0 |   955
           D:8 |       0 |    4372 |   0.0 |       0 |      21 |   0.0 |  1604
           D:9 |       0 |    2978 |   0.0 |       0 |      26 |   0.0 |  2015
          D:10 |       0 |    2329 |   0.0 |       0 |      17 |   0.0 |  1051
          D:11 |       0 |    2749 |   0.0 |       0 |      23 |   0.0 |  1502
          D:12 |       0 |      53 |   0.0 |       0 |       2 |   0.0 |    53
         Sewer |       0 |     135 |   0.0 |       0 |      17 |   0.0 |   454
               +---------+---------+-------+---------+---------+-------+---------
